 Dungeon Crawl Stone Soup version 0.27-a0-1545-g3eddc1d3d3 (webtiles) character file.

Game seed: 7881085399073277654

107 Delamore the Skirmisher (level 5, -1/42 HPs)
             Began as a Formicid Fighter on July 13, 2021.
             Succumbed to a goblin's poison
             ... on level 2 of the Dungeon.
             The game lasted 00:01:32 (1818 turns).

Delamore the Skirmisher (Formicid Fighter)          Turns: 1818, Time: 00:01:33

Health: -1/42      AC:  8    Str: 22    XL:     5   Next: 10%
Magic:  5/5        EV:  8    Int:  7    God:
Gold:   41         SH: 10    Dex: 10    Spells: 4/4 levels left

rFire    . . .     SeeInvis +   a - +0 quarterstaff
rCold    . . .     Faith    .   c - +1 kite shield
rNeg     . . .     Spirit   .   b - +0 scale mail
rPois    .         Reflect  .   (helmet unavailable)
rElec    .         Harm     .   (no cloak)
rCorr    .         Rampage  .   g - +0 pair of gloves
Will     .....                  (no boots)
Stlth    ..........             (no amulet)
HPRegen  0.14/turn              (no ring)
MPRegen  0.09/turn              (no ring)

@: lethally poisoned (-1 -> -6), attractive
A: permanent stasis, dig shafts and tunnels, antennae 3, four strong arms
a: Dig, Shaft Self


You were on level 2 of the Dungeon.
You visited 1 branch of the dungeon, and saw 2 of its levels.

You collected 41 gold pieces.

Inventory:

Hand Weapons
 a - a +0 quarterstaff (weapon)
Missiles
 e - 17 poisoned darts
Armour
 b - a +0 scale mail (worn)
 c - a +1 kite shield (worn)
 g - a +0 pair of gloves (worn)
Wands
 h - a wand of charming (7)
Scrolls
 j - 2 scrolls of teleportation
Potions
 d - a potion of might


   Skills:
 + Level 4.3 Fighting
 * Level 4.1 Staves
 - Level 3.2 Armour
 - Level 3.6 Shields


You had 4 spell levels left.
You didn't know any spells.
Your spell library contained the following spells:

 Spells                   Type           Power      Damage    Failure   Level
 Sublimation of Blood     Necr           0%         N/A       99%         2
 Petrify                  Tmut/Erth      0%         N/A       100%        4
 Irradiate                Conj/Tmut      0%         3d13      100%        5


Dungeon Overview and Level Annotations

Branches:
Dungeon (2/15)

Altars:

Annotations:
D:2 Robin


Innate Abilities, Weirdness & Mutations

You cannot be hasted, slowed, berserked, paralysed or teleported.
You can dig through walls and to a lower floor.
You have a pair of large antennae on your head. (SInv)
Your four strong arms can wield two-handed weapons with a shield.


Message History

The rat barely misses you.
Robin roars a battlecry!
The goblin goes into a battle-frenzy!
You are too injured to fight recklessly!
You are too injured to fight recklessly!
You are too injured to fight recklessly!
You are too injured to fight recklessly!
You are too injured to fight recklessly!
You are too injured to fight recklessly!
You are too injured to fight recklessly!
You are too injured to fight recklessly!
You are too injured to fight recklessly!
You are too injured to fight recklessly!
You are too injured to fight recklessly!
You are too injured to fight recklessly!
You are too injured to fight recklessly!
* * * LOW HITPOINT WARNING * * *
You feel very sick.
* * * LOW HITPOINT WARNING * * *
You feel very sick. You block the goblin's attack.
You see here a +0 dagger.
Okay, then.
* * * LOW HITPOINT WARNING * * *
You feel very sick. Robin throws the goblin at you!
* * * LOW HITPOINT WARNING * * *
You feel very sick.
It was a potion of attraction.
You feel attractive to monsters.
* * * LOW HITPOINT WARNING * * *
You feel sick. You block the goblin's attack.
Okay, then.
Okay, then.
There is a lethal amount of poison in your body!
* * * LOW HITPOINT WARNING * * *
You feel sick.
Robin roars a battlecry!
The goblin hits you but does no damage. The goblin is pulled toward you! x2
You die...

..........
#.......>. #
#.........
#.####.g.$..#
#.....).....#
# #.g{.....#
#....#{g....#
##.###rg..###
. #..g@ggg..#
. #..####...#
. #.........#
. #.####....#
. # #....# .
#.####.#.##
####
#......#.#
#..#
####.(.#.#
#..# #.#.#.#
#..#


You could see Robin, a hobgoblin (strong), 4 goblins and a rat.

Vanquished Creatures
  Terence (D:1)
  2 adders
  A gnoll (D:1)
  A worm (D:2)
  A dart slug (D:2)
  3 bats
  6 endoplasms (D:1)
  10 giant cockroaches (D:1)
  6 goblins
  A hobgoblin (D:1)
  5 jackals (D:1)
  A quokka (D:1)
  A frilled lizard (D:2)
  4 rats (D:1)
43 creatures vanquished.

Vanquished Creatures (others)
  A plant (D:1)
1 creature vanquished.

Grand Total: 44 creatures vanquished

Notes
Turn   | Place    | Note
-------+----------+-------------------------------------------
     0 | D:1      | Delamore the Formicid Fighter began the quest for the Orb.
     0 | D:1      | Reached XP level 1. HP: 18/18 MP: 1/1
     1 | D:1      | Found a runed translucent door.
    22 | D:1      | Reached XP level 2. HP: 19/24 MP: 2/2
   365 | D:1      | Found a faded altar of an unknown god.
   694 | D:1      | Reached XP level 3. HP: 27/30 MP: 3/3
  1118 | D:1      | Reached XP level 4. HP: 31/37 MP: 4/4
  1499 | D:2      | Noticed Terence
  1517 | D:1      | Killed Terence
  1762 | D:2      | Reached XP level 5. HP: 39/42 MP: 5/5
  1805 | D:2      | Noticed Robin
  1816 | D:2      | HP: 2/42 [poisoned by a goblin]
  1818 | D:2      | Succumbed to a goblin's poison

Illustrated notes

Levels and vault maps discovered:
D:1:      dpeg_arrival_caged_fury, layout_basic, ebering_ecumenical_altar_box,
          chequers_avenue, minmay_hedge_maze, serial_bayou_lake_a
D:2:      layout_basic, uniq_robin, uniq_terence, uniq_natasha

Skill      XL: |  1  2  3  4 |
---------------+-------------+-----
Staves         | 3 4 |  4.1
Fighting       | 4 |  4.3
Armour         | |  3.2
Shields        | |  3.6

Action                   |  1- 3 |  4- 6 || total
-------------------------+-------+-------++-------
Melee: Quarterstaff      |    84 |    37 ||   121
 Abil: Dig               |       |     1 ||     1
  Use: Scroll            |       |     5 ||     5
       Potion            |       |     1 ||     1
Armor: Scale mail        |    40 |    16 ||    56
Dodge: Dodged            |    24 |    14 ||    38
Block: Kite shield       |    45 |    32 ||    77

Table legend: (Time is in decaauts)
 A = Elapsed time spent in this place.
 B = Non-inter-level travel time spent in this place.
 C = Inter-level travel time spent in this place.
 D = Time resting spent in this place.
 E = Time spent auto-exploring this place.
 F = Levels seen in this place.
 G = Mean time per level.
                   A        B        C        D        E       F      G
               +--------+--------+--------+--------+--------+-----+--------+
         Total |   1908 |   1842 |     66 |    429 |   1121 |   2 |  954.0 |
       Dungeon |   1908 |   1842 |     66 |    429 |   1121 |   2 |  954.0 |
               +--------+--------+--------+--------+--------+-----+--------+

Top non-repeatable levels by time:
     D:1: 1495 daAuts
     D:2: 412 daAuts
